 Dungeon Crawl Stone Soup version 0.26.1-11-gd32895ea62 (webtiles) character file.

Game seed: 13947787409308837335

80 Almogavar the Skirmisher (level 4, -5/37 HPs)
             Began as a Demonspawn Abyssal Knight on June 20, 2021.
             Was a Follower of Lugonu.
             Slain by a worm (17 damage)
             ... on level 2 of the Dungeon.
             The game lasted 00:03:19 (1749 turns).

Almogavar the Skirmisher (DsAK)                     Turns: 1749, Time: 00:03:20

Health: -5/37      AC:  9    Str: 13    XL:     4   Next: 18%
Magic:  6/6        EV: 15    Int: 14    God:    Lugonu [*.....]
Gold:   127        SH:  0    Dex: 12    Spells: 3/3 levels left

rFire    . . .     SeeInvis .   a - +1 falchion
rCold    + . .     Faith    .   (no shield)
rNeg     . . .     Spirit   .   b - +0 leather armour
rPois    .         Reflect  .   (no helmet)
rElec    .         Harm     .   (no cloak)
rCorr    .         Rampage  .   (no gloves)
Will     .....                  (no boots)
Stlth    +.........             (no amulet)
HPRegen  0.12/turn              f - +4 ring of evasion
MPRegen  0.10/turn              (no ring)

@: sanguine armour
A: cold resistance 1, spiny 1, sanguine armour 1
a: Renounce Religion, Depart the Abyss


You were on level 2 of the Dungeon.
You worshipped Lugonu.
Lugonu was aware of your devotion.
You visited 1 branch of the dungeon, and saw 2 of its levels.
You visited the Abyss 1 time.

You collected 127 gold pieces.

Inventory:

Hand Weapons
 a - a +1 falchion (weapon)
Missiles
 e - 91 stones
Armour
 b - a +0 leather armour (worn)
 i - a cursed +0 plate armour
Jewellery
 f - a +4 ring of evasion (left hand)
Scrolls
 h - a scroll of remove curse {unknown}
 j - a scroll of identify {unknown}
Potions
 c - 2 potions of attraction {unknown}
 d - a potion of magic {unknown}
 g - 2 potions of curing {unknown}


   Skills:
 + Level 3.9 Fighting
 + Level 2.6 Long Blades
 + Level 2.0 Armour
 + Level 1.3 Dodging
 + Level 0.4 Stealth
 + Level 2.9 Invocations


You had 3 spell levels left.
You didn't know any spells.
Your spell library was empty.

Dungeon Overview and Level Annotations

Branches:
Dungeon (2/15)

Altars:
Ashenzari
Trog
Vehumet
Yredelemnul


Innate Abilities, Weirdness & Mutations

Your flesh is cold resistant. (rC+)
You are partially covered in sharp spines.
When seriously injured, your bleeding wounds create armour. (AC +6)


Message History

The worm is heavily wounded.
The rat is struck by your spines.
You kill the rat!
Lugonu accepts your kill. The rat is struck by your spines. The rat misses you.
The worm bites you!
Your blood congeals into armour.
You closely miss the rat.
The rat is severely wounded.
The rat is struck by your spines.
You kill the rat!
Lugonu accepts your kill. The worm is struck by your spines.
The worm bites you!
* * * LOW HITPOINT WARNING * * *
You are too injured to fight recklessly!
Unknown command.
The worm is struck by your spines. The worm closely misses you.
The moth of wrath goads the worm on!
The worm goes berserk!
There is an open door here.
The worm bites you!
You die...

#...........#
##.........#
##.......## ## #
####w#### #. ...##w###
#. ####.#..#.#
#.##......w#.######
#.......##.w......#
#####.......####@####.#
#........##.####.#
#.##.....##......#
.....#..###.######
#.#.....###.#
..#.#.......####
.)......##.....#
....#..###.....#
...............#


You could see 2 worms.

Vanquished Creatures
  Natasha (D:2)
  An ooze (D:2)
  2 worms (D:2)
  A dart slug (D:1)
  2 leopard geckos (D:1)
  A ball python (D:1)
  6 bats (D:1)
  2 giant cockroaches
  4 goblins
  2 hobgoblins (D:1)
  4 jackals (D:1)
  8 kobolds
  2 frilled lizards
  4 rats
40 creatures vanquished.

Vanquished Creatures (others)
  A plant (D:2)
1 creature vanquished.

Grand Total: 41 creatures vanquished

Notes
Turn   | Place    | Note
-------+----------+-------------------------------------------
     0 | Abyss:1  | Almogavar the Demonspawn Abyssal Knight began the quest for
                  | the Orb.
     0 | Abyss:1  | Reached XP level 1. HP: 18/18 MP: 2/2
    84 | Abyss:1  | Found a corrupted altar of Lugonu.
   141 | Abyss:1  | Noticed a fire dragon skeleton
   142 | D:1      | Escaped the Abyss
   305 | D:1      | Reached * piety under Lugonu
   444 | D:1      | Gained mutation: You are partially covered in sharp spines.
                  | [demonic ancestry]
   444 | D:1      | Reached XP level 2. HP: 24/24 MP: 4/4
   464 | D:1      | Reached skill level 1 in Dodging
   878 | D:1      | Gained mutation: Your flesh is cold resistant. (rC+)
                  | [demonic ancestry]
   878 | D:1      | Reached XP level 3. HP: 26/29 MP: 5/5
  1412 | D:2      | Noticed Natasha
  1420 | D:2      | Killed Natasha
  1421 | D:2      | Gained mutation: When seriously injured, your bleeding
                  | wounds create armour. (AC +6) [demonic ancestry]
  1421 | D:2      | Reached XP level 4. HP: 29/37 MP: 6/6
  1595 | D:2      | Found a basalt altar of Yredelemnul.
  1599 | D:2      | Found a radiant altar of Vehumet.
  1604 | D:2      | Found a broken altar of Ashenzari.
  1728 | D:2      | Noticed a moth of wrath
  1730 | D:2      | Found a bloodstained altar of Trog.
  1749 | D:2      | Slain by a worm

Illustrated notes

Levels and vault maps discovered:
D:1:      dpeg_arrival_stonehenge_8_columns, layout_basic
D:2:      layout_loops_cross, tgw_trog, grunt_temple_overflow_diamond,
          serial_forest, infiniplex_forest_side_room,
          infiniplex_forest_clump_diagonal, infiniplex_forest_straight_2,
          infiniplex_forest_straight_3, infiniplex_forest_straight_5,
          infiniplex_forest_lined_ring, uniq_natasha

Skill      XL: |  1  2  3 |
---------------+----------+-----
Long Blades    | 2 |  2.6
Dodging        | 1 |  1.3
Armour         | 2 |  2.0
Fighting       | |  3.9
Stealth        | |  0.4
Invocations    | |  2.9

Action                   |  1- 3 |  4- 6 || total
-------------------------+-------+-------++-------
Melee: Falchion          |    88 |     7 ||    95
Invok: Depart the Abyss  |     1 |       ||     1
Armor: Leather armour    |    18 |       ||    18
Dodge: Dodged            |    92 |     6 ||    98
       Rpst.: Falchion   |    28 |     2 ||    30
